 Dungeon Crawl Stone Soup version 0.29-a0-1006-g0dd7720b37 (webtiles) character file.

Game seed: 5745798034553027676

50 xian the Shooter (level 4, -5/34 HPs)
             Began as a Formicid Hunter on Aug 6, 2022.
             Slain by Terence
             ... wielding a +1 vorpal falchion
              (10 damage)
             ... on level 2 of the Dungeon.
             The game lasted 00:01:43 (823 turns).

xian the Shooter (Formicid Hunter)                   Turns: 823, Time: 00:01:43

Health: -5/34      AC:  3    Str: 16    XL:     4   Next: 4%
Magic:  4/4        EV: 12    Int:  8    God:
Gold:   67         SH:  0    Dex: 19    Spells: 3/3 levels left

rFire   + . .      SeeInvis +   a - +0 shortbow
rCold   + . .      Faith    .   (no shield)
rNeg    . . .      Spirit   .   c - +0 leather armour
rPois   +          Reflect  .   (helmet unavailable)
rElec   +          Harm     .   (no cloak)
rCorr   +          Rampage  .   (no gloves)
Will    .....                   (no boots)
Stlth   ++........              (no amulet)
HPRegen 0.11/turn               (no ring)
MPRegen 0.09/turn               (no ring)

@: resistant
A: permanent stasis, dig shafts and tunnels, antennae 3, four strong arms
a: Dig, Shaft Self


You were on level 2 of the Dungeon.
You visited 1 branch of the dungeon, and saw 2 of its levels.

You collected 67 gold pieces.

Inventory:

Hand Weapons
 a - a +0 shortbow (weapon)
Armour
 c - a +0 leather armour (worn)
Wands
 k - a wand of flame (23)
Scrolls
 b - a scroll of immolation
 d - a scroll of torment {unknown}
 e - a scroll of enchant weapon {unknown}
 f - a scroll of blinking {unknown}
Potions
 g - 2 potions of haste {unknown}
 h - a potion of lignification {unknown}
 i - a potion of mutation {unknown}
 j - a potion of flight {unknown}
 l - a potion of resistance


   Skills:
 + Level 2.3 Fighting
 + Level 5.2 Ranged Weapons
 + Level 0.2 Armour
 + Level 1.9 Dodging
 + Level 1.2 Stealth


You had 3 spell levels left.
You didn't know any spells.
Your spell library was empty.

Dungeon Overview and Level Annotations

Branches:
Dungeon (2/15)

Altars:

Annotations:
D:2 Terence


Innate Abilities, Weirdness & Mutations

You cannot be hasted, slowed, berserked, paralysed or teleported.
You can dig through walls and to a lower floor.
You have a pair of large antennae on your head. (SInv)
Your four strong arms can wield two-handed weapons with a shield.


Message History

Terence misses you.
You shoot an arrow. The arrow hits Terence.
Terence is heavily wounded.
Terence barely misses you.
Fire: a) +0 shortbow
Press: ? - help, Q - select action, (/) - cycle Shift-Dir - straight line, f/p - Terence
Aim: Terence, wielding a +1 vorpal falchion and wearing a +0 chain mail (heavily wounded, 71% to hit)
You shoot an arrow. The arrow hits Terence.
Terence is severely wounded.
Terence hits you with a +1 vorpal falchion!
Fire: a) +0 shortbow
Press: ? - help, Q - select action, (/) - cycle Shift-Dir - straight line, f/p - Terence
Aim: Terence, wielding a +1 vorpal falchion and wearing a +0 chain mail (severely wounded, 71% to hit)
You shoot an arrow. The arrow barely misses Terence.
Terence hits you with a +1 vorpal falchion.
Terence barely misses you.
Fire: a) +0 shortbow
Press: ? - help, Q - select action, (/) - cycle Shift-Dir - straight line, f/p - Terence
Aim: Terence, wielding a +1 vorpal falchion and wearing a +0 chain mail (severely wounded, 71% to hit)
You shoot an arrow. The arrow hits Terence.
Terence is severely wounded.
Terence barely misses you.
Fire: a) +0 shortbow
Press: ? - help, Q - select action, (/) - cycle Shift-Dir - straight line, f/p - Terence
Aim: Terence, wielding a +1 vorpal falchion and wearing a +0 chain mail (severely wounded, 71% to hit)
You shoot an arrow. The arrow closely misses Terence.
Terence misses you.
Fire: a) +0 shortbow
Press: ? - help, Q - select action, (/) - cycle Shift-Dir - straight line, f/p - Terence
Aim: Terence, wielding a +1 vorpal falchion and wearing a +0 chain mail (severely wounded, 71% to hit)
You shoot an arrow. The arrow hits Terence.
Terence is almost dead.
Terence hits you with a +1 vorpal falchion!
* * * LOW HITPOINT WARNING * * *
x2 Terence hits you with a +1 vorpal falchion.
* * * LOW HITPOINT WARNING * * *
x2 It was a potion of resistance.
You feel protected.
Terence hits you with a +1 vorpal falchion!
You die...

#. # . .# ## .### .#
.. .<#### # #.
.....# # #.$#?##.# #
..##..#.##.## .#
......@@....# .
......#.##..#
...#.##.##..#
....#........#
#...####.###)###
#...# #.......#####
#...########........
#...#.)......#.#####
#...#.######.#.#


You could see Terence.

Vanquished Creatures
  Jessica (D:2)
  4 dart slugs
  A ball python (D:2)
  3 endoplasms
  A goblin (D:1)
  2 hobgoblins
  2 quokkas
  A bat (D:1)
15 creatures vanquished.

Notes
Turn   | Place    | Note
-------+----------+-------------------------------------------
     0 | D:1      | xian the Formicid Hunter began the quest for the Orb.
     0 | D:1      | Reached XP level 1. HP: 16/16 MP: 1/1
    64 | D:1      | Reached XP level 2. HP: 17/22 MP: 2/2
   449 | D:1      | You fall into a shaft and drop 1 floor!
   669 | D:2      | Found a faded altar of an unknown god.
   777 | D:2      | Reached XP level 3. HP: 27/27 MP: 3/3
   791 | D:2      | Noticed Jessica
   792 | D:2      | Killed Jessica
   793 | D:2      | Reached skill level 5 in Ranged Weapons
   793 | D:2      | Reached XP level 4. HP: 34/34 MP: 4/4
   806 | D:2      | Noticed Terence
   823 | D:2      | Slain by Terence

Illustrated notes

Levels and vault maps discovered:
D:1:      wander_arrival_fairy_ring, layout_loops_ring, minmay_pentomino_q4
D:2:      layout_loops_ring, shapermc_ecumenical_altar_gd, uniq_terence,
          uniq_jessica, uniq_crazy_yiuf_cottage, uniq_robin

Skill      XL: |  1  2  3 |
---------------+----------+-----
Ranged Weapons | 5 |  5.2
Fighting       | |  2.3
Armour         | |  0.2
Dodging        | |  1.9
Stealth        | |  1.2

Action                   |  1- 3 |  4- 6 || total
-------------------------+-------+-------++-------
 Fire: Shortbow          |    37 |    16 ||    53
 Abil: Dig               |     2 |       ||     2
  Use: Potion            |       |     1 ||     1
Armor: Leather armour    |     3 |       ||     3
Dodge: Dodged            |     5 |    10 ||    15

Table legend: (Time is in decaauts)
 A = Elapsed time spent in this place.
 B = Non-inter-level travel time spent in this place.
 C = Inter-level travel time spent in this place.
 D = Time resting spent in this place.
 E = Time spent auto-exploring this place.
 F = Levels seen in this place.
 G = Mean time per level.
                   A        B        C        D        E       F      G
               +--------+--------+--------+--------+--------+-----+--------+
         Total |    838 |    838 |      0 |      0 |    715 |   2 |  419.0 |
       Dungeon |    838 |    838 |      0 |      0 |    715 |   2 |  419.0 |
               +--------+--------+--------+--------+--------+-----+--------+

Top non-repeatable levels by time:
     D:1: 456 daAuts
     D:2: 382 daAuts
